 Dungeon Crawl Stone Soup version 0.20-a0-1124-g2e29d97 (webtiles) character file.

69 Kikal the Insei (level 4, -5/28 HPs)
             Began as an Octopode Transmuter on May 15, 2017.
             Killed from afar by a white imp (14 damage)
             ... with a puff of frost
             ... summoned by Natasha
             ... on level 2 of the Dungeon.
             The game lasted 00:06:57 (1874 turns).

Kikal the Insei (Octopode Transmuter)               Turns: 1874, Time: 00:06:58

Health: -5/28      AC:  1    Str:  9    XL:     4   Next: 20%
Magic:  7/7        EV: 13    Int: 20    God:
Gold:   108        SH:  0    Dex: 12    Spells: 1/7 levels left

rFire    . . .     SeeInvis .     - Unarmed
rCold    . . .     Gourm    .   (no shield)
rNeg     . . .     Faith    .   (helmet restricted)
rPois    .         Spirit   .   (no amulet)
rElec    .         Reflect  .   p - +4 ring of intelligence
rCorr    .         Harm     .   (no ring)
MR       .....                  (no ring)
Stlth    ++........             (no ring)
Regen    0.1/turn               (no ring)
MPRegen  0.1/turn               (no ring)
                                (no ring)
                                (no ring)

@: slowed, very slow
A: almost no armour, stealthy swim, amphibious, 8 rings, constrict 8, camouflage
1, gelatinous body 1
a: no special abilities


You were on level 2 of the Dungeon.
You were not hungry.

You visited 1 branch of the dungeon, and saw 2 of its levels.

You collected 108 gold pieces.

Inventory:

Hand Weapons
 e - a +2 short sword of flaming
Missiles
 a - 54 arrows
 f - 52 stones (quivered)
 h - 7 poisoned needles
Jewellery
 p - a +4 ring of intelligence (left tentacle)
Scrolls
 j - a scroll of teleportation {unknown}
 k - a scroll of fog {unknown}
 n - a scroll of remove curse {unknown}
 o - 2 scrolls of identify {unknown}
Potions
 d - a potion of mutation {unknown}
 i - a potion of curing {unknown}
Books
 b - a book of Changes

   Spells                             Type                      Level
   a - Beastly Appendage              Transmutation                1
   b - Sticks to Snakes               Transmutation                2
   c - Spider Form                    Transmutation/Poison         3
   d - Ice Form                       Ice/Transmutation            4
   e - Blade Hands                    Transmutation                5
Comestibles
 c - 2 bread rations
 g - a fruit
 l - a meat ration


   Skills:
 - Level 1.0 Fighting
 - Level 2.0 Dodging
 * Level 4.2 Unarmed Combat
 - Level 2.0 Spellcasting
 + Level 3.1 Transmutations


You had one spell level left.
You knew the following spells:

 Your Spells              Type           Power        Failure   Level  Hunger
a - Beastly Appendage     Tmut           ##....       4%          1    #......
b - Sticks to Snakes      Tmut           ##......     6%          2    ##.....
c - Spider Form           Tmut/Pois      #.........   24%         3    ###....


Dungeon Overview and Level Annotations

Branches:
Dungeon (2/15)

Altars:

Annotations:
D:2 Natasha, Sigmund


Innate Abilities, Weirdness & Mutations

You cannot wear most types of armour.
You are very stealthy in the water. (Stealth+)
You are amphibious.
You can wear up to eight rings at the same time.
You can use your tentacles to constrict eight enemies at once.
Your skin changes colour to match your surroundings (Stealth+).
Your rubbery body absorbs attacks. (AC +1, EV +1)


Message History

Natasha hisses angrily.
Natasha casts a spell.
There is a stone staircase leading down here.
Natasha casts a spell at you.
You feel yourself slow down.
Natasha stares at you and mumbles some strange words.
The magic dart hits you!
You take 7 damage, and have 21/28 hp.
MASSIVE DAMAGE!!
Natasha casts a spell.
Natasha casts a spell.
You swing at nothing.
The white imp gestures at you. The puff of frost hits you!
You take 7 damage, and have 15/28 hp.
MASSIVE DAMAGE!!
The white imp hits you. The white imp freezes you.
You take 6 damage, and have 9/28 hp.
MASSIVE DAMAGE!!
Natasha casts a spell.
The white imp gestures at you. The puff of frost hits you!
Ouch! That really hurt!
You die...

############.#
#####.######
#.......<..#
#.###.####.#
#.# #.# #.#
#.# #.# #.#
#.# #.# #.#
######.###.#
#.#
#5h55.@....#
#.#
#.####.#####
#.# #.#
#.########.#
#5#
#..........#
#.#
############
###.###h#
........#
###.###.# #.#
###


You could see an iron imp, Natasha and 2 white imps.

Vanquished Creatures
  Natasha (D:2)
  An ooze (D:1)
  A dart slug (D:1)
  A leopard gecko (D:1)
  4 bats
  3 giant cockroaches
  2 goblins (D:1)
  2 hobgoblins (D:2)
  6 kobolds
  A quokka (D:2)
  A ball python (D:2)
  2 frilled lizards (D:1)
  17 rats
42 creatures vanquished.

Notes
Turn   | Place    | Note
-------+----------+-------------------------------------------
     0 | D:1      | Kikal the Octopode Transmuter began the quest for the Orb.
     0 | D:1      | Reached XP level 1. HP: 13/13 MP: 3/3
   377 | D:1      | Reached XP level 2. HP: 18/18 MP: 5/5
   442 | D:1      | Learned a level 2 spell: Sticks to Snakes
   852 | D:1      | Reached XP level 3. HP: 20/23 MP: 6/6
  1198 | D:2      | Noticed Sigmund
  1393 | D:2      | Noticed Natasha
  1399 | D:2      | Killed Natasha
  1399 | D:2      | Reached skill level 4 in Unarmed Combat
  1546 | D:2      | Learned a level 3 spell: Spider Form
  1590 | D:2      | Reached XP level 4. HP: 28/28 MP: 7/7
  1851 | D:2      | Noticed Natasha
  1874 | D:2      | Killed from afar by a white imp

Vault maps used:
D:1:      erik_arrival_orb_chamber, interstate_on_off
D:2:      minmay_lizard_king, uniq_natasha, uniq_sigmund

Skill      XL: |  1  2  3 |
---------------+----------+-----
Unarmed Combat | 4 |  4.2
Transmutations | 3 |  3.1
Fighting       | |  1.0
Dodging        | |  2.0
Spellcasting   | |  2.0

Action                   |  1- 3 |  4- 6 || total
-------------------------+-------+-------++-------
Melee: Unarmed           |    70 |    19 ||    89
       Constrict         |    16 |     4 ||    20
       Tentacles         |    10 |     3 ||    13
       Kick              |     3 |       ||     3
       Punch             |     2 |       ||     2
 Cast: Beastly Appendage |     4 |       ||     4
       Sticks to Snakes  |     2 |       ||     2
 Stab: Sleeping          |     5 |     1 ||     6
  Eat: Chunk             |     2 |     1 ||     3
Armor: Skin              |     7 |     6 ||    13
Dodge: Dodged            |    28 |    12 ||    40
